 Dungeon Crawl Stone Soup version 0.31-a0-37-g98a128e1d9 (webtiles) character file.

Game seed: 16080439101239774306

4941 frimble the Carver (level 10, -8/79 HPs)
             Began as a Gnoll Reaver on May 16, 2023.
             Was a Priest of Cheibriados.
             Mangled by a slime creature (18 damage)
             ... on level 8 of the Dungeon.
             The game lasted 00:12:57 (8771 turns).

frimble the Carver (Gnoll Reaver)                   Turns: 8771, Time: 00:12:58

Health: -8/79      AC:  8    Str: 19    XL:     10   Next: 52%
Magic:  21/21      EV: 17    Int: 25    God:    Cheibriados [***...]
Gold:   394        SH:  6    Dex: 22    Spells: 14/24 levels left

rFire   + + .        h - +3 falchion "Transmigrator" {venom, rF+ Dex+3}
rCold   x . .        F - +0 buckler
rNeg    . . .        w - +2 leather armour {Will+}
rPois   .            q - +0 helmet
rElec   .            E - +0 cloak
rCorr   .            (no gloves)
SInv    .            (no boots)
Will    +....        (no amulet)
Stlth   +++          (no ring)
HPRegen 0.33/turn    B - ring of fire
MPRegen 0.17/turn

%: no passive effects
@: studying Short Blades, very slow
A: fangs 1, strong nose, distributed training
a: Renounce Religion, Bend Time, Temporal Distortion


You were on level 8 of the Dungeon.
You worshipped Cheibriados.
Cheibriados was most pleased with you.
You visited 2 branches of the dungeon, and saw 9 of its levels.

You collected 394 gold pieces.

Inventory:

Hand Weapons
 a - a +0 falchion
 h - the +3 falchion "Transmigrator" (weapon) {venom, rF+ Dex+3}
   (You found it on level 5 of the Dungeon)

   Dex:       It affects your dexterity (+3).
   rF:        It protects you from fire.
 o - a +0 rapier
 v - a +6 flail of holy wrath
Missiles
 t - 13 poisoned darts
 D - 5 throwing nets
Armour
 l - a +2 robe of cold resistance
 q - a +0 helmet (worn)
 s - a +0 kite shield
 w - a +2 leather armour of willpower (worn)
 C - +0 acid dragon scales
 E - a +0 cloak (worn)
 F - a +0 buckler (worn)
Jewellery
 p - a ring of fire
 B - a ring of fire (right hand)
Scrolls
 b - 6 scrolls of teleportation
 d - 2 scrolls of fear
 g - a scroll of brand weapon {unknown}
 k - 3 scrolls of identify
 r - a scroll of enchant weapon
 y - 2 scrolls of vulnerability
 H - a scroll of blinking
 I - a scroll of immolation
 J - a scroll of acquirement {unknown}
Potions
 c - 3 potions of brilliance
 e - 4 potions of mutation
 f - a potion of might
 i - 2 potions of flight {unknown}
 j - 2 potions of haste
 m - a potion of degeneration
 n - a potion of magic {unknown}
 u - a potion of cancellation {unknown}
 x - a potion of invisibility {unknown}
 A - a potion of resistance {unknown}
 G - a potion of curing


   Skills:
 + Level 7.3 Fighting
 + Level 6.5 Short Blades
 + Level 8.7 Long Blades
 + Level 5.5 Axes
 + Level 5.5 Maces & Flails
 + Level 5.5 Polearms
 + Level 5.5 Staves
 + Level 5.5 Ranged Weapons
 + Level 5.5 Throwing
 + Level 5.5 Armour
 + Level 7.3 Dodging
 + Level 5.5 Stealth
 + Level 5.5 Shields
 + Level 5.5 Unarmed Combat
 + Level 7.6 Spellcasting
 + Level 7.2 Conjurations
 + Level 4.6 Hexes
 + Level 4.6 Summonings
 + Level 4.6 Necromancy
 + Level 4.6 Translocations
 + Level 4.6 Transmutations
 + Level 4.6 Fire Magic
 + Level 4.6 Ice Magic
 + Level 4.6 Air Magic
 + Level 4.6 Earth Magic
 + Level 4.6 Poison Magic
 + Level 6.1 Invocations
 + Level 5.5 Evocations


You had 14 spell levels left.
You knew the following spells:

 Your Spells              Type           Power      Damage    Failure   Level
a - Kiss of Death         Conj/Necr      100%       2d13      1%          1
b - Passwall              Tmut/Erth      26%        N/A       1%          2
c - Stone Arrow           Conj/Erth      78%        3d11      2%          3
d - Olgreb's Toxic Radia  Pois           32%        N/A       14%         4

Your spell library contained the following spells:

 Spells                   Type           Power      Damage    Failure   Level
 Beastly Appendage        Tmut           64%        N/A       1%          1
 Sandblast                Erth           64%        2d14      1%          1
 Sting                    Tmut/Pois      100%       1d8       1%          1
 Momentum Strike          Conj/Tloc      78%        3d10      1%          2
 Poisonous Vapours        Pois/Air       64%        N/A       1%          2
 Wereblood                Tmut           32%        N/A       1%          2
 Hailstorm                Conj/Ice       39%        3d9       2%          3
 Spider Form              Tmut/Pois      32%        N/A       4%          3
 Animate Armour           Summ/Erth      64%        N/A       14%         4
 Lehudib's Crystal Spear  Conj/Erth      19%        10d6      100%        8


Dungeon Overview and Level Annotations

Branches:
Dungeon (8/15)             Temple (1/1) D:5
   Lair: D:8-11

Altars:
Ashenzari
Cheibriados
Dithmenos
Elyvilon
Fedhas
Gozag
Hepliaklqana
Kikubaaqudgha
Nemelex Xobeh
Okawaru
Qazlal
Ru
Sif Muna
Trog
Uskayaw
Vehumet
Xom
Yredelemnul
Zin
The Shining One

Shops:
D:4 (   D:5 *


Innate Abilities, Weirdness & Mutations

You have very sharp teeth.
Your uncanny sense of smell can sniff out nearby items.
Your experience applies equally to all skills.


Message History

* * * LOW HITPOINT WARNING * * *
You feel much better.
The slime creature hits you but does no damage.
The slime creature completely misses you.
Okay, then.
Unknown command.
You slice the slime creature!!
The slime creature looks as sick as possible!
You bite the slime creature, but do no damage.
The slime creature is heavily wounded.
The slime creature closely misses you. You block the slime creature's attack.
You slash the slime creature!
The slime creature is severely wounded.
The slime creature barely misses you. The slime creature misses you.
You slash the slime creature!
The slime creature is almost dead.
You kill the slime creature!
Cheibriados thoroughly appreciates the change of pace.
You block the slime creature's attack.
You barely miss the slime creature.
You bite the slime creature, but do no damage.
The slime creature hits you!
You hit the slime creature. Your bite misses the slime creature.
The slime creature is lightly wounded.
You block the slime creature's attack.
You hit the slime creature.
The slime creature is lightly wounded.
The slime creature hits you!
* * * LOW HITPOINT WARNING * * *
You slash the slime creature!
The slime creature looks as sick as possible!
The slime creature is moderately wounded.
The slime creature hits you.
* * * LOW HITPOINT WARNING * * *
You slash the slime creature! Your bite misses the slime creature.
The slime creature is heavily wounded.
You hit the slime creature but do no damage.
The slime creature is heavily wounded.
The slime creature hits you!!
You die...

#.......# #####
#.$.....# #....
#.......# #####....
........# #........
........# #........
........# #........
...>....########......†.
#...J@................
.....###################
... . ∆


You could see a slime creature (extremely poisoned).

Vanquished Creatures
  A two-headed ogre (D:8)
  Pikel (D:5)
  Prince Ribbit (D:5)
  2 slime creatures (D:8)
  A wyvern (D:5)
  Edmund (D:5)
  A water moccasin (D:6)
  An acid dragon (D:6)
  2 ice beasts
  2 black bears (D:6)
  2 ogres
  2 wolves (D:7)
  A centaur (D:7)
  5 gnoll sergeants (D:7)
  3 scorpions
  3 bullfrogs
  An electric eel (D:7)
  6 orc priests
  3 gnoll boudas
  8 hounds
  2 jellies (D:6)
  A sleepcap (D:6)
  2 iguanas
  7 orc wizards
  34 gnolls
  11 adders
  A shadow imp (D:8)
  3 white imps
  2 ufetubi
  3 worms
  2 dart slugs
  23 orcs
  6 endoplasms
  3 giant cockroaches
  4 goblins
  9 hobgoblins
  5 jackals
  2 quokkas
  8 ball pythons
  4 bats
  3 frilled lizards
  6 kobolds
  8 rats
196 creatures vanquished.

Notes
Turn   | Place    | Note
-------+----------+-------------------------------------------
     0 | D:1      | frimble the Gnoll Reaver began the quest for the Orb.
     0 | D:1      | Reached XP level 1. HP: 20/20 MP: 6/6
   214 | D:1      | Reached XP level 2. HP: 20/26 MP: 7/7
   433 | D:1      | Reached skill level 5 in Spellcasting
   433 | D:1      | Reached XP level 3. HP: 30/31 MP: 7/9
   712 | D:1      | Reached skill level 1 in Invocations
   974 | D:2      | Reached skill level 1 in Short Blades
   974 | D:2      | Reached skill level 1 in Axes
   974 | D:2      | Reached skill level 1 in Maces & Flails
   974 | D:2      | Reached skill level 1 in Polearms
   974 | D:2      | Reached skill level 1 in Staves
   974 | D:2      | Reached skill level 1 in Ranged Weapons
   974 | D:2      | Reached skill level 1 in Throwing
   974 | D:2      | Reached skill level 1 in Armour
   974 | D:2      | Reached skill level 1 in Stealth
   974 | D:2      | Reached skill level 1 in Shields
   974 | D:2      | Reached skill level 1 in Unarmed Combat
   974 | D:2      | Reached skill level 1 in Evocations
  1137 | D:2      | Reached XP level 4. HP: 38/38 MP: 11/11
  1560 | D:2      | Learned a level 2 spell: Passwall
  1636 | D:3      | Reached skill level 1 in Hexes
  1636 | D:3      | Reached skill level 1 in Summonings
  1636 | D:3      | Reached skill level 1 in Necromancy
  1636 | D:3      | Reached skill level 1 in Translocations
  1636 | D:3      | Reached skill level 1 in Transmutations
  1636 | D:3      | Reached skill level 1 in Fire Magic
  1636 | D:3      | Reached skill level 1 in Ice Magic
  1636 | D:3      | Reached skill level 1 in Air Magic
  1636 | D:3      | Reached skill level 1 in Earth Magic
  1636 | D:3      | Reached skill level 1 in Poison Magic
  1841 | D:3      | Reached XP level 5. HP: 18/43 MP: 12/12
  2244 | D:3      | Found a white marble altar of Elyvilon.
  2739 | D:4      | Found Aqeupn's Weapon Shop.
  3042 | D:4      | Found a sacrificial altar of Ru.
  3066 | D:4      | Noticed an ogre
  3099 | D:5      | Entered Level 5 of the Dungeon
  3135 | D:5      | Noticed Edmund
  3222 | D:5      | Noticed an ice beast
  3241 | D:5      | Reached skill level 5 in Fighting
  3241 | D:5      | Reached skill level 5 in Dodging
  3241 | D:5      | Reached XP level 6. HP: 14/51 MP: 14/14
  3247 | D:5      | Killed an ice beast
  3413 | D:5      | Identified the +3 falchion "Transmigrator" {venom, rF+
                  | Dex+3}
  3428 | D:5      | Found a staircase to the Ecumenical Temple.
  3429 | D:5      | Noticed Pikel
  3463 | D:5      | Killed Pikel
  3464 | D:5      | Reached skill level 7 in Long Blades
  3464 | D:5      | Reached XP level 7. HP: 42/56 MP: 15/15
  3475 | Temple   | Entered the Ecumenical Temple
  3567 | Temple   | Became a worshipper of Cheibriados the Contemplative
  3730 | D:4      | Reached XP level 8. HP: 54/59 MP: 14/16
  4633 | D:5      | Found Zin's Purification Station.
  4638 | D:5      | Found a glowing silver altar of Zin.
  4762 | D:5      | Found a sparkling altar of Nemelex Xobeh.
  4821 | D:5      | Noticed a wyvern
  4829 | D:5      | Killed a wyvern
  5249 | D:5      | Learned a level 3 spell: Stone Arrow
  5256 | D:5      | Killed Edmund
  5413 | D:5      | Noticed Prince Ribbit
  5427 | D:5      | Killed Prince Ribbit
  5567 | D:6      | Reached XP level 9. HP: 65/69 MP: 18/18
  5736 | D:6      | Learned a level 4 spell: Olgreb's Toxic Radiance
  5750 | D:6      | Reached * piety under Cheibriados
  6068 | D:6      | Reached skill level 8 in Long Blades
  6398 | D:6      | Found an ancient bone altar of Kikubaaqudgha.
  6493 | D:6      | Found a basalt altar of Yredelemnul.
  6534 | D:6      | Found a hide-covered altar of Uskayaw.
  6542 | D:6      | Reached skill level 5 in Invocations
  6691 | D:6      | Found an iron altar of Okawaru.
  6773 | D:7      | HP: 2/66 [something/magic dart (6)]
  6969 | D:7      | Reached ** piety under Cheibriados
  6980 | D:7      | Reached skill level 5 in Short Blades
  7413 | D:7      | Reached skill level 5 in Axes
  7413 | D:7      | Reached skill level 5 in Maces & Flails
  7413 | D:7      | Reached skill level 5 in Polearms
  7413 | D:7      | Reached skill level 5 in Staves
  7413 | D:7      | Reached skill level 5 in Ranged Weapons
  7413 | D:7      | Reached skill level 5 in Throwing
  7413 | D:7      | Reached skill level 5 in Armour
  7413 | D:7      | Reached skill level 5 in Stealth
  7413 | D:7      | Reached skill level 5 in Shields
  7413 | D:7      | Reached skill level 5 in Unarmed Combat
  7413 | D:7      | Reached skill level 5 in Evocations
  7413 | D:7      | Reached XP level 10. HP: 65/77 MP: 13/20
  7509 | D:7      | Reached *** piety under Cheibriados
  8330 | D:8      | Noticed a two-headed ogre
  8378 | D:8      | Killed a two-headed ogre
  8771 | D:8      | Mangled by a slime creature

Illustrated notes

Levels and vault maps discovered:
D:1:      lightli_iron_boxes, layout_basic
D:2:      layout_basic, minmay_pentomino_p4
D:3:      layout_basic, mainiacjoe_overflow_alcove_4, amcnicky_mini_pool_small
D:4:      minmay_spotlight, layout_loops_corners, hangedman_ru_absence,
          serial_shops, nicolae_shop_getting_attention
D:5:      layout_basic, zin_purify, nemelex_altar_shiori,
          minmay_temple_entry_grid, uniq_edmund, uniq_pikel, uniq_prince_ribbit1
D:6:      layout_cave_pools, mainiacjoe_overflow_alcove_2, minitemple,
          minmay_manual_mess
D:7:      layout_cave_pools, serial_gnoll_camp, gnoll_camp_mini_hut,
          gnoll_camp_mini_loothouse, gnoll_camp_mini_hut, gnoll_camp_huts_moat,
          gnoll_camp_mini_hut, gnoll_camp_mini_house, chequers_jeans
D:8:      layout_basic, david_lair_shrubbed
Temple:   minmay_temple_bridge_abc

Skill      XL: |  1  2  3  4  5  6  7  8  9 10 |
---------------+-------------------------------+-----
Spellcasting   | 5 6 7 |  7.6
Invocations    | 1 2 3 4 5 6 |  6.1
Short Blades   | 1 2 3 5 6 |  6.5
Axes           | 1 2 3 5 |  5.5
Maces & Flails | 1 2 3 5 |  5.5
Polearms       | 1 2 3 5 |  5.5
Staves         | 1 2 3 5 |  5.5
Ranged Weapons | 1 2 3 5 |  5.5
Throwing       | 1 2 3 5 |  5.5
Armour         | 1 2 3 5 |  5.5
Stealth        | 1 2 3 5 |  5.5
Shields        | 1 2 3 5 |  5.5
Unarmed Combat | 1 2 3 5 |  5.5
Evocations     | 1 2 3 5 |  5.5
Hexes          | 1 2 3 4 |  4.6
Summonings     | 1 2 3 4 |  4.6
Necromancy     | 1 2 3 4 |  4.6
Translocations | 1 2 3 4 |  4.6
Transmutations | 1 2 3 4 |  4.6
Fire Magic     | 1 2 3 4 |  4.6
Ice Magic      | 1 2 3 4 |  4.6
Air Magic      | 1 2 3 4 |  4.6
Earth Magic    | 1 2 3 4 |  4.6
Poison Magic   | 1 2 3 4 |  4.6
Fighting       | 5 6 7 |  7.3
Dodging        | 5 6 7 |  7.3
Long Blades    | 7 8 |  8.7
Conjurations   | 6 7 |  7.2

Action                     |  1- 3 |  4- 6 |  7- 9 | 10-12 || total
---------------------------+-------+-------+-------+-------++-------
  Melee: Falchion          |   134 |   150 |   224 |    78 ||   586
         Bite              |    11 |     4 |    14 |    10 ||    39
         Punch             |       |     3 |     9 |     1 ||    13
  Throw: Dart              |       |     5 |       |       ||     5
   Cast: Kiss of Death     |       |       |     4 |       ||     4
         Olgreb's Toxic Ra |       |       |     6 |     9 ||    15
    Use: Scroll            |     4 |     3 |     5 |     1 ||    13
         Potion            |       |     3 |     3 |     2 ||     8
   Stab: Sleeping          |       |     1 |     6 |     3 ||    10
 Armour: Leather armour    |    29 |       |    52 |    13 ||    94
         Robe              |     8 |    31 |     8 |       ||    47
         Skin              |       |    12 |       |     6 ||    18
  Dodge: Dodged            |    81 |    94 |   201 |    65 ||   441
  Block: Buckler           |       |       |       |    15 ||    15

Table legend: (Time is in decaauts)
 A = Elapsed time spent in this place.
 B = Non-inter-level travel time spent in this place.
 C = Inter-level travel time spent in this place.
 D = Time resting spent in this place.
 E = Time spent auto-exploring this place.
 F = Levels seen in this place.
 G = Mean time per level.
                   A        B        C        D        E       F      G
               +--------+--------+--------+--------+--------+-----+--------+
         Total |   9918 |   9401 |    517 |     28 |   7679 |   9 | 1102.0 |
       Dungeon |   9796 |   9309 |    487 |     28 |   7602 |   8 | 1224.5 |
        Temple |    122 |     93 |     29 |      0 |     77 |   1 |  122.0 |
               +--------+--------+--------+--------+--------+-----+--------+

Top non-repeatable levels by time:
     D:7: 1845 daAuts
     D:5: 1653 daAuts
     D:6: 1534 daAuts
     D:4: 1436 daAuts
     D:3: 1142 daAuts
     D:1: 832 daAuts
     D:2: 741 daAuts
     D:8: 610 daAuts
  Temple: 122 daAuts
